 Dungeon Crawl Stone Soup version 0.17.0-28-g6e173f8 (webtiles) character file.

284 4thArraOfDagon the Chopper (level 6, -5/84 HPs)
             Began as a Minotaur Berserker on Nov 22, 2015.
             Was a Follower of Trog.
             Killed from afar by an orc wizard (11 damage)
             ... with a puff of flame
             ... on level 8 of the Dungeon.
             The game lasted 00:02:57 (629 turns).

4thArraOfDagon the Chopper (Minotaur Berserker)      Turns: 629, Time: 00:02:57

Health: -5/84      AC:  4    Str: 26    XL:     6   Next: 7%
Magic:  5/5        EV: 12    Int:  6    God:    Trog [*.....]
Gold:   51         SH:  0    Dex: 10    Spells: 0 memorised, 5 levels left

rFire  . . .     SeeInvis .     a - +0 hand axe
rCold  . . .     Clarity  .     b - +0 animal skin
rNeg   . . .     SustAt   .     (no shield)
rPois  .         Gourm    .     (helmet restricted)
rElec  .         Spirit   .     (no cloak)
rCorr  .         Warding  .     (no gloves)
rMut   .         Stasis   .     i - +1 pair of boots
MR     .....                    (no amulet)
Stlth  ..........               (no ring)
                                (no ring)

@: confused, berserking (expiring), very quick, not resistant to hostile
enchantments, extremely unstealthy
A: retaliatory headbutt, horns 2
a: Berserk, Burn Spellbooks, Renounce Religion


You were on level 8 of the Dungeon.
You worshipped Trog.
Trog was aware of your devotion.
You were not hungry.

You visited 1 branch of the dungeon, and saw 8 of its levels.

You collected 51 gold pieces.

Inventory:

Hand Weapons
 a - a +0 hand axe (weapon)
Armour
 b - a +0 animal skin (worn)
 i - a +1 pair of boots (worn)
Scrolls
 e - a scroll of enchant armour {unknown}
 h - a scroll of teleportation {unknown}
Potions
 d - a potion of invisibility {unknown}
 f - 3 potions of mutation {unknown}
Books
 j - a book of Air

   Spells                             Type                      Level
   a - Shock                          Conjuration/Air              1
   b - Swiftness                      Charms/Air                   2
   c - Repel Missiles                 Charms/Air                   2
   d - Static Discharge               Conjuration/Air              3
   e - Lightning Bolt                 Conjuration/Air              5
   Trog disapproves of the use of such an item.
Comestibles
 c - 2 bread rations


   Skills:
 + Level 5.1 Fighting
 * Level 6.2 Axes
 + Level 4.4 Armour
 - Level 2.1 Dodging


You had 5 spell levels left.
You didn't know any spells.

Dungeon Overview and Level Annotations

Branches:
Dungeon (8/15)
 Temple: D:4-7         Lair: D:8-11

Altars:
Dithmenos
Elyvilon


Innate Abilities, Weirdness & Mutations

You reflexively headbutt those who attack you in melee.
You have a pair of horns on your head.


Message History

You feel clever.
You closely miss something.
The orc wizard points at you and mumbles some strange words.
The puff of frost hits something.
Unknown command.
You hear some strange, mumbled words.
Deactivating autopickup; reactivate with Ctrl-A.
You are confused.
The orc hits you with a club.
* * * LOW HITPOINT WARNING * * *
You see here 2 arrows.
Unknown command.
You slash the orc!
You kill the orc!
Trog accepts your kill.
You closely miss something.
You hear some strange, mumbled words.
A puff of flame appears from out of thin air!
The puff of flame hits you!
You die...

.##
..#######.
#..........
##..........
#........%..
#...>.5.....
#.$...o....$
#<..).......
#..@..).....
##.(...$....
##.).......
##########


You could see an orc wizard and a shadow imp.

Vanquished Creatures
  Menkaure (D:5)
  A sky beast (D:8)
  A centaur (D:8)
  A worm (D:2)
  A giant gecko (D:1)
  2 orcs
  A goblin (D:1)
  A hobgoblin (D:2)
  A quokka (D:8)
  2 bats (D:1)
  3 kobolds
  4 rats
19 creatures vanquished.

Notes
Turn   | Place    | Note
--------------------------------------------------------------
     0 | D:1      | 4thArraOfDagon the Minotaur Berserker began the quest for the Orb.
     0 | D:1      | Reached XP level 1. HP: 19/19 MP: 0/0
   125 | D:2      | Reached XP level 2. HP: 27/27 MP: 1/1
   298 | D:3      | Found a shadowy altar of Dithmenos.
   298 | D:3      | Found a white marble altar of Elyvilon.
   407 | D:4      | Reached skill level 4 in Axes
   423 | D:5      | Entered Level 5 of the Dungeon
   436 | D:5      | Noticed Menkaure
   449 | D:5      | Killed Menkaure
   449 | D:5      | Reached skill level 5 in Axes
   449 | D:5      | Reached XP level 3. HP: 27/34 MP: 2/2
   449 | D:5      | Reached XP level 4. HP: 32/41 MP: 3/3
   449 | D:5      | Reached XP level 5. HP: 36/47 MP: 4/4
   588 | D:7      | Noticed a sky beast
   616 | D:8      | Noticed a centaur
   624 | D:8      | Killed a sky beast
   627 | D:8      | Killed a centaur
   627 | D:8      | Reached skill level 5 in Fighting
   627 | D:8      | Reached skill level 6 in Axes
   627 | D:8      | Reached XP level 6. HP: 7/56 MP: 5/5
   629 | D:8      | Killed from afar by an orc wizard

Action                   |  1- 3 |  4- 6 || total
-------------------------+-------+-------++-------
Melee: Hand axe          |    24 |     6 ||    30
Invok: Berserk           |     2 |     1 ||     3
  Eat: Chunk             |       |     1 ||     1
